 Dungeon Crawl Stone Soup version 0.21.1-1-g345015f (webtiles) character file.

3314 nightchill the Arsonist (level 9, -2/78 HPs)
             Began as a Black Draconian Fire Elementalist on Feb 23, 2018.
             Was a Believer of Vehumet.
             Slain by a red ugly thing (10 damage)
             ... on level 10 of the Dungeon on Mar 2, 2018.
             The game lasted 00:52:14 (10148 turns).

nightchill the Arsonist (DrFE)                     Turns: 10148, Time: 00:52:15

Health: -2/78      AC: 12    Str: 11    XL:     9   Next: 70%
Magic:  6/17       EV: 11    Int: 18    God:    Vehumet [**....]
Gold:   281        SH:  5    Dex: 12    Spells: 6/19 levels left

rFire    . . .     SeeInvis .   w - +1 flail (holy)
rCold    . . .     Gourm    +   k - +2 buckler
rNeg     . . .     Faith    .   (armour unavailable)
rPois    .         Spirit   .   m - +2 hat
rElec    +         Reflect  .   (no cloak)
rCorr    +         Harm     .   u - +2 pair of gloves
MR       .....                  (no boots)
Stlth    ++........             h - amulet of the gourmand
HPRegen  0.23/turn              x - ring of wizardry
MPRegen  0.15/turn              B - ring of resist corrosion

@: no status effects
A: breathe lightning, unfitting armour, electricity resistance, cold-blooded, AC
+7
a: Breathe Lightning, Renounce Religion


You were on level 10 of the Dungeon.
You worshipped Vehumet.
Vehumet was pleased with you.
You were very full.

You visited 2 branches of the dungeon, and saw 11 of its levels.

You collected 281 gold pieces.

Inventory:

Hand Weapons
 a - a +2 flail of crushing
 b - a +1 hunting sling
 e - a +0 dagger
 w - a +1 flail of holy wrath (weapon)
 E - a +4 dire flail
Missiles
 i - 231 stones (quivered)
 t - 25 poisoned needles
 v - 8 poisoned javelins
 D - 16 sling bullets
Armour
 k - a +2 buckler (worn)
 m - a +2 hat (worn)
 u - a +2 pair of gloves (worn)
Magical Staves
 H - an uncursed staff of wizardry {unknown}
Jewellery
 h - an amulet of the gourmand (around neck)
 x - a ring of wizardry (left hand)
 B - a ring of resist corrosion (right hand)
Wands
 f - a wand of enslavement (2)
Scrolls
 c - 4 scrolls of remove curse
 d - a scroll of immolation {unknown}
 g - 2 scrolls of teleportation
 q - a scroll of fog {unknown}
 y - 3 scrolls of amnesia
 z - 2 scrolls of blinking {unknown}
 A - 3 scrolls of identify
 C - 2 scrolls of magic mapping
Potions
 j - a potion of heal wounds
 l - a potion of invisibility
 n - a potion of curing
 o - a potion of degeneration {unknown}
 p - a potion of ambrosia {unknown}
 F - 3 potions of lignification {unknown}
 I - a potion of flight {unknown}
Books
 s - a book of Flames

   Spells                             Type                      Level
   a - Flame Tongue                   Conjuration/Fire             1
   b - Throw Flame                    Conjuration/Fire             2
   c - Conjure Flame                  Conjuration/Fire             3
   d - Inner Flame                    Hexes/Fire                   3
   e - Sticky Flame                   Conjuration/Fire             4
   f - Fireball                       Conjuration/Fire             5
Comestibles
 r - 15 rations
 G - a chunk of flesh


   Skills:
 + Level 6.4 Fighting
 - Level 1.7 Dodging
 - Level 1.7 Stealth
 + Level 5.8 Spellcasting
 + Level 7.7 Conjurations
 + Level 8.3 Fire Magic


You had 6 spell levels left.
You knew the following spells:

 Your Spells              Type           Power        Failure   Level  Hunger
a - Flame Tongue          Conj/Fire      ####.        1%          1    None
b - Conjure Flame         Conj/Fire      ####....     1%          3    ##.....
c - Sticky Flame          Conj/Fire      ####....     3%          4    ####...
d - Fireball              Conj/Fire      ####......   9%          5    #####..


Dungeon Overview and Level Annotations

Branches:
Dungeon (11/15)            Temple (1/1) D:4
   Lair: D:8-11         Orc: D:9-12

Altars:
Ashenzari
Cheibriados
Dithmenos
Elyvilon
Fedhas
Gozag
Hepliaklqana
Kikubaaqudgha
Makhleb
Nemelex Xobeh
Okawaru
Qazlal
Ru
Sif Muna
Trog
Uskayaw
Vehumet
Wu Jian
Xom
Yredelemnul
Zin
The Shining One

Shops:
D:4 !   D:6 [

Annotations:
D:1 exclusion: downstairs
D:2 exclusion: 2 downstairs, Terence
D:3 Setanta's ghost, amateur GnFi
D:4 exclusion: downstairs
D:10 Maurice


Innate Abilities, Weirdness & Mutations

You can breathe wild blasts of lightning.
Your glossy black scales are hard. (AC +7)
You cannot fit into any form of body armour.
You are resistant to electric shocks. (rElec)
You are cold-blooded and may be slowed by cold attacks.


Message History

You barely miss the red ugly thing.
The red ugly thing is lightly wounded.
The red ugly thing barely misses you. x2
You hit the red ugly thing but do no damage.
The red ugly thing is lightly wounded.
The red ugly thing closely misses you.
You hit the red ugly thing.
The red ugly thing is lightly wounded.
The red ugly thing headbutts you but does no damage.
The red ugly thing headbutts you!
You are engulfed in flames!
You barely miss the red ugly thing.
The red ugly thing is lightly wounded.
The red ugly thing headbutts you!
You are engulfed in flames!!
* * * LOW HITPOINT WARNING * * *
Evoke which item? (* to show all) (? for menu, Esc to quit)
Aiming: Enslavement
Press: ? - help, Shift-Dir - straight line, f/p - red ugly thing
Aim: a red ugly thing (lightly wounded, chance to defeat MR: 28%)
The red ugly thing easily resists.
The red ugly thing headbutts you!
You die...

### ..# #.# #.# #.# #
#u# ### .#.##.#@#######
#..
..............########..
........................
.####.#.#.......######..
#.#.#.###...# #..
#.#.#.#.....# #.. #
#.#.#.#...# ###
#.#.#.#...# ..... #...#


You could see a red ugly thing.

Vanquished Creatures
  The ghost of jazmu the Covered, a novice FoHu (D:7)
  Prince Ribbit (D:7)
  A wyvern (D:11)
  2 hogs (D:7)
  The ghost of inc the Covert, an amateur FeEn (D:6)
  An orc warrior (D:6)
  An ice beast (D:2)
  3 ogres
  A centaur (D:5)
  A big kobold (D:11)
  2 bullfrogs
  A scorpion (D:4)
  5 killer bees (D:7)
  3 wights
  2 howler monkeys (D:5)
  A crimson imp (D:8)
  A centaur zombie (D:5)
  2 jellies
  4 hounds
  2 bullfrog skeletons
  3 orc priests
  9 orc wizards
  3 iguanas
  3 worker ants
  A hound zombie (D:7)
  12 adders
  A shadow imp (D:6)
  An ooze (D:4)
  3 adder skeletons
  A worm (D:4)
  2 dart slugs (D:1)
  2 leopard geckos
  18 orcs
  A bat (D:3)
  5 giant cockroaches
  3 hobgoblins
  13 jackals
  2 quokkas
  2 ball pythons
  2 frilled lizards
  6 goblins
  12 kobolds
  A leopard gecko zombie (D:5)
  A quokka skeleton (D:6)
  5 rats
148 creatures vanquished.

Vanquished Creatures (others)
  A giant cockroach (D:4)
1 creature vanquished.

Grand Total: 149 creatures vanquished

Notes
Turn   | Place    | Note
-------+----------+-------------------------------------------
     0 | D:1      | nightchill the Draconian Fire Elementalist began the quest for the Orb.
     0 | D:1      | Reached XP level 1. HP: 14/14 MP: 3/3
   301 | D:1      | Reached XP level 2. HP: 20/20 MP: 1/5
  1097 | D:2      | Noticed Terence
  1197 | D:2      | Reached XP level 3. HP: 26/26 MP: 1/6
  1493 | D:2      | Reached skill level 4 in Fire Magic
  1527 | D:2      | Learned a level 3 spell: Conjure Flame
  1557 | D:2      | Reached XP level 4. HP: 33/33 MP: 5/7
  1638 | D:2      | Noticed an ice beast
  1730 | D:2      | Killed an ice beast
  1730 | D:2      | Reached XP level 5. HP: 25/38 MP: 3/8
  1855 | D:3      | Found a glowing silver altar of Zin.
  2310 | D:3      | Reached skill level 5 in Fire Magic
  2387 | D:3      | Noticed Setanta's ghost (amateur GnFi)
  2859 | D:3      | Learned a level 4 spell: Sticky Flame
  3171 | D:4      | Found a staircase to the Ecumenical Temple.
  3181 | Temple   | Entered the Ecumenical Temple
  3272 | Temple   | Became a worshipper of Vehumet
  3353 | D:4      | Found Canorax's Distillery.
  3391 | D:4      | Reached XP level 6. HP: 36/45 MP: 1/9
  3788 | D:4      | Found a white marble altar of Elyvilon.
  4618 | D:4      | Reached skill level 1 in Fighting
  5033 | D:5      | Entered Level 5 of the Dungeon
  5200 | D:5      | Found a snail-covered altar of Cheibriados.
  5507 | D:5      | Reached skill level 5 in Conjurations
  5507 | D:5      | Your scales start taking on a glossy black colour.
  5507 | D:5      | Reached XP level 7. HP: 52/52 MP: 5/10
  5507 | D:5      | Gained mutation: You are resistant to electric shocks. (rElec) [Black Draconian growth]
  5665 | D:5      | Reached skill level 6 in Fire Magic
  5851 | D:5      | Reached * piety under Vehumet
  5851 | D:5      | Offered knowledge of Freeze by Vehumet.
  6998 | D:6      | Reached XP level 8. HP: 45/63 MP: 4/13
  7098 | D:5      | Learned a level 5 spell: Fireball
  7462 | D:6      | Noticed inc's ghost (amateur FeEn)
  7483 | D:6      | Killed inc's ghost
  8013 | D:6      | Found Pinkuett's Armour Shop.
  8048 | D:6      | Reached skill level 7 in Fire Magic
  8735 | D:7      | Offered knowledge of Sting by Vehumet.
  8796 | D:7      | Noticed Prince Ribbit
  8809 | D:7      | Killed Prince Ribbit
  8809 | D:7      | Reached skill level 5 in Fighting
  8809 | D:7      | Reached XP level 9. HP: 74/74 MP: 9/16
  8954 | D:7      | Reached ** piety under Vehumet
  9056 | D:7      | Reached skill level 5 in Spellcasting
  9061 | D:7      | Noticed jazmu's ghost (novice FoHu)
  9121 | D:7      | Killed jazmu's ghost
  9527 | D:7      | Reached skill level 8 in Fire Magic
  9808 | D:8      | You fall through a shaft for 3 floors!
  9952 | D:11     | Found a burning altar of Makhleb.
  9962 | D:10     | Entered Level 10 of the Dungeon
  9965 | D:10     | Noticed Maurice
 10136 | D:10     | Noticed a red ugly thing
 10148 | D:10     | Slain by a red ugly thing

Skill      XL: |  1  2  3  4  5  6  7  8  9 |
---------------+----------------------------+-----
Conjurations   | 2 3 4 5 6 7 |  7.7
Fire Magic     | 4 5 6 7 8 |  8.3
Fighting       | 1 3 5 6 |  6.4
Spellcasting   | 3 4 5 |  5.8
Dodging        | |  1.7
Stealth        | |  1.7

Action                   |  1- 3 |  4- 6 |  7- 9 || total
-------------------------+-------+-------+-------++-------
Melee: Dagger            |    17 |     9 |       ||    26
       Tailslap          |       |     3 |     5 ||     8
       Flail             |       |    30 |    89 ||   119
 Fire: Hunting sling     |       |       |     5 ||     5
Throw: Stone             |    10 |     8 |    29 ||    47
 Cast: Flame Tongue      |    39 |    76 |    85 ||   200
       Conjure Flame     |       |    12 |    17 ||    29
       Sticky Flame      |       |    11 |    38 ||    49
       Fireball          |       |       |     5 ||     5
Evoke: Wand              |       |       |     3 ||     3
  Use: Scroll            |       |     7 |     2 ||     9
       Potion            |       |     1 |       ||     1
  Eat: Chunk             |     2 |    21 |    32 ||    55
Armor: Skin              |    13 |    30 |    56 ||    99
Dodge: Dodged            |    21 |    43 |    99 ||   163
Block: Buckler           |     8 |    17 |    38 ||    63
